 Dungeon Crawl Stone Soup version 0.24-a0-285-g3c078ff (webtiles) character file.

Game seed: 15251286168983786252

141785 Ijustatesigmund the Octopoid Aeon (level 17, -17/124 HPs)
             Began as an Octopode Fighter on May 6, 2019.
             Was the Champion of Cheibriados.
             Killed from afar by Nikola (30 damage)
             ... with a chain lightning
             ... on level 2 of the Spider Nest on May 7, 2019.
             The game lasted 01:23:03 (29101 turns).

Ijustatesigmund the Octopoid Aeon (OpFi)           Turns: 29101, Time: 01:23:03

Health: -17/124    AC:  9    Str: 35    XL:     17   Next: 33%
Magic:  28/28      EV: 36    Int: 25    God:    Cheibriados [******]
Gold:   1124       SH: 25    Dex: 39    Spells: 15/16 levels left

rFire    . . .     SeeInvis +   a - +9 flail (protect)
rCold    . . .     Gourm    .   b - +3 shield
rNeg     . . .     Faith    .   S - +1 hat
rPois    .         Spirit   .   B - +5 amulet of reflection
rElec    .         Reflect  +   g - +4 ring of dexterity
rCorr    .         Harm     .   z - +3 ring of dexterity
MR       ++...                  l - ring of protection from magic
Stlth    ++++++....             T - +4 ring of evasion
HPRegen  0.30/turn              K - +3 ring of strength
MPRegen  0.21/turn              N - +4 ring of evasion
                                U - +1 ring of slaying
                                p - ring of see invisible

@: protection aura, very slow
A: almost no armour, stealthy swim, amphibious, 8 rings, constrict 8, tentacle
spike 1, camouflage 1, screaming 1, gelatinous body 1
a: Bend Time, Temporal Distortion, Slouch, Step From Time, Renounce Religion


You were on level 2 of the Spider Nest.
You worshipped Cheibriados.
Cheibriados was exalted by your worship.
You were not hungry.

You visited 5 branches of the dungeon, and saw 26 of its levels.
You also visited: Ossuary.

You collected 2539 gold pieces.
You spent 1415 gold pieces at shops.

Inventory:

Hand Weapons
 a - a +9 flail of protection (weapon)
Missiles
 o - 5 javelins (quivered)
 E - 8 steel javelins
Armour
 b - a +3 shield (worn)
 k - a +0 shield of reflection
 S - a +1 hat (worn)
Jewellery
 e - an uncursed ring of fire
 g - a +4 ring of dexterity (left tentacle)
 l - a ring of protection from magic (on tentacle)
 p - a ring of see invisible (on tentacle)
 z - a +3 ring of dexterity (right tentacle)
 B - a +5 amulet of reflection (around mantle)
 J - an uncursed ring of magical power
 K - a +3 ring of strength (on tentacle)
 N - a +4 ring of evasion (on tentacle)
 P - an uncursed ring of stealth
 T - a +4 ring of evasion (on tentacle)
 U - a +1 ring of slaying (on tentacle)
Wands
 f - a wand of enslavement (1)
 q - a wand of flame (20)
 s - a wand of digging (1)
 C - a wand of paralysis (5)
 F - a wand of iceblast (17)
 H - a wand of disintegration (15)
 Q - a wand of polymorph (11)
Scrolls
 c - 4 scrolls of blinking
 j - 3 scrolls of magic mapping
 m - 18 scrolls of remove curse
 n - 4 scrolls of fear
 x - 25 scrolls of identify
 y - a scroll of fog
 A - 3 scrolls of teleportation
 G - 2 scrolls of torment
 I - a scroll of amnesia
Potions
 h - 14 potions of curing
 i - 2 potions of magic
 r - 7 potions of brilliance
 t - a potion of lignification
 v - 2 potions of invisibility
 w - 3 potions of flight
 D - 5 potions of ambrosia
 L - a potion of mutation
 M - 2 potions of might
 O - 2 potions of agility
 R - a potion of cancellation
Comestibles
 d - 27 rations


   Skills:
 - Level 13.7 Fighting
 - Level 14.9 Maces & Flails
 - Level 6.3 Throwing
 - Level 11.3 Dodging
 + Level 8.5 Stealth
 - Level 11.3 Shields
 + Level 2.3 Conjurations
 + Level 15.3 Invocations
 - Level 5.0 Evocations


You had 15 spell levels left.
You knew the following spells:

 Your Spells              Type           Power        Failure   Level  Hunger
a - Magic Dart            Conj           ##..         9%          1    ##.....

Your spell library contained the following spells:

 Spells                   Type           Power        Failure   Level  Hunger
 Searing Ray              Conj           ##....       12%         2    ###....
 Shock                    Conj/Air       #...         13%         1    ##.....
 Sting                    Conj/Pois      #...         13%         1    ##.....
 Poisonous Vapours        Pois/Air       #.....       32%         2    ###....
 Swiftness                Chrm/Air       #.......     32%         2    ###....
 Dazzling Spray           Conj/Hex       #.....       36%         3    ####...
 Static Discharge         Conj/Air       #.......     36%         3    ####...
 Mephitic Cloud           Conj/Pois/Air  #.......     43%         3    ####...
 Iskenderun's Mystic Bla  Conj           ##......     63%         4    #####..
 Force Lance              Conj/Tloc      #.......     78%         4    #####..
 Fulminant Prism          Conj/Hex       #.........   78%         4    #####..
 Airstrike                Air            #.........   91%         4    #####..
 Olgreb's Toxic Radiance  Pois           #.......     91%         4    #####..
 Lightning Bolt           Conj/Air       #.........   98%         5    ######.
 Venom Bolt               Conj/Pois      #.........   98%         5    ######.


Dungeon Overview and Level Annotations

Branches:
Dungeon (15/15)            Temple (1/1) D:7            Lair (6/6) D:10
  Swamp (0/4) Lair:2       Spider (2/4) Lair:3        Slime (0/5) Lair:6
    Orc (2/2) D:10            Elf (0/3) Orc:2        Vaults (0/5) D:14
 Depths (0/5) D:15

Altars:
Ashenzari
Cheibriados
Dithmenos
Elyvilon
Fedhas
Gozag
Hepliaklqana
Kikubaaqudgha
Makhleb
Nemelex Xobeh
Okawaru
Qazlal
Ru
Sif Muna
Trog
Uskayaw
Vehumet
Wu Jian
Xom
Yredelemnul
Zin
The Shining One
Jiyva

Shops:
D:11 ?   D:15 =   Orc:2 ?%}[

Portals:
Pandemonium: Orc:2

Annotations:
Lair:1 exclusion: oklob plant
Lair:5 1 runed translucent door, Bosausyc's ghost, journeyman DrBe
Spider:2 Nikola


Innate Abilities, Weirdness & Mutations

You cannot wear most types of armour.
You are very stealthy in the water. (Stealth+)
You are amphibious.
You can wear up to eight rings at the same time.
You can use your tentacles to constrict eight enemies at once.
Your skin changes colour to match your surroundings (Stealth+).
Your rubbery body absorbs attacks. (AC +1, EV +1)
One of your tentacles bears a spike.
You occasionally shout uncontrollably at your foes.


Message History

Cheibriados thoroughly appreciates the change of pace.
You miss the tarantella. You grab the tarantella.
You pierce the tarantella, but do no damage.
You constrict the tarantella. You block the tarantella's attack.
You thump the tarantella!
Your weapon exudes an aura of protection.
You pierce the tarantella!
You squeeze the tarantella.
You kill the tarantella!
Cheibriados appreciates the change of pace.
Nikola gestures wildly while chanting.
You hear a mighty clap of thunder!
The lightning arc hits you!!
The lightning arc hits Nikola.
The lightning arc hits you!!
The lightning arc hits Nikola.
The lightning arc hits you!!
The lightning arc hits Nikola.
Nikola casts a spell.
You hear a mighty clap of thunder!
The lightning arc hits you!!
* * * LOW HITPOINT WARNING * * *
The lightning arc hits Nikola.
The lightning arc hits you!!
You die...

.#..... .#..( .
......#^#... ..
#..#>#...... ...
.(#...<.. ..
^...#(. # .
.#.#.#...(# .#≈#
.....(....#....≈
#<......##
#.@.^.....
#....#@.....
#!...# #..##
#...≈. ...
#....≈#. ..
....##≈#. .#..#
.#≈ . ≈≈# . #


You could see Nikola.

Vanquished Creatures
  Donald (Spider:1)
  Aizul (Spider:1)
  3 emperor scorpions (Spider:1)
  A ghost moth (Spider:1)
  3 entropy weavers
  An ettin (Orc:1)
  Josephine (Orc:1)
  The ghost of mhoghedin the Martial Artist, a journeyman DgTm (Lair:1)
  5 hydras
  4 centaur warriors
  2 catoblepae
  An alligator (D:12)
  2 dancing weapons (D:14)
  A queen ant (D:13)
  6 two-headed ogres
  A deep troll shaman (Lair:6)
  3 orc high priests (Orc:2)
  5 death yaks (Lair:6)
  4 unseen horrors
  2 gelid demonspawn (Orc:2)
  A torturous demonspawn (Orc:2)
  A glowing orange brain (D:15)
  5 orc knights
  A lindwurm (Lair:6)
  14 wolf spiders (Spider:1)
  6 orb spiders
  2 deep elf magi
  2 cyclopes (D:15)
  2 moths of wrath (Lair:1)
  2 manticores
  8 elephants
  29 ugly things
  9 black mambas
  9 orc sorcerers
  A centaur zombie (D:12)
  A manticore (shapeshifter) (D:15)
  3 torpor snails
  2 rust devils (Orc:2)
  4 gargoyles
  A spiny frog (shapeshifter) (D:15)
  44 yaks
  An orange demon (Orc:2)
  7 kobold demonologists
  10 spiny frogs
  3 rime drakes
  5 demonic crawlers (Spider:1)
  7 komodo dragons
  2 tengu conjurers (D:15)
  A queen bee (D:8)
  A red devil (Orc:2)
  2 meliai (shapeshifter) (D:15)
  2 trolls
  12 jumping spiders
  3 polar bears
  A wind drake (shapeshifter) (D:15)
  A queen bee (shapeshifter) (D:15)
  A polar bear (shapeshifter) (D:15)
  2 hornets
  2 slime creatures
  23 blink frogs
  20 dream sheep
  11 hippogriffs
  A shadow (D:12)
  6 spriggans (Lair:1)
  9 tarantellas
  2 water elementals
  4 fire bats (D:12)
  A vampire (D:13)
  2 ynoxinuls (Orc:2)
  2 wyverns
  12 basilisks
  26 redbacks
  A tarantella (shapeshifter) (D:14)
  7 wraiths
  A golden eye (shapeshifter) (D:15)
  2 steam dragons
  8 vampire mosquitoes
  2 hungry ghosts
  2 acid dragons
  5 wargs
  22 soldier ants (D:13)
  Edmund (D:5)
  17 water moccasins
  3 porcupines
  36 orc warriors
  3 ice beasts
  7 sky beasts
  4 black bears
  A hornet zombie (D:7)
  3 eyes of draining
  6 necrophages
  3 phantoms
  9 ogres
  19 wolves
  20 centaurs
  8 crocodiles
  8 big kobolds
  Blork the orc (D:5)
  16 bullfrogs
  A gnoll sergeant (D:11)
  A wyvern zombie (D:11)
  4 water moccasin zombies (Ossuary)
  A wyvern skeleton (D:14)
  A scorpion (D:13)
  28 killer bees
  7 wights
  3 electric eels (D:12)
  5 howler monkeys
  A bullfrog zombie (D:10)
  4 crimson imps
  A quasit (D:6)
  8 hounds
  7 jellies
  30 orc priests
  20 orc wizards
  4 bullfrog skeletons
  4 centaur skeletons
  8 iguanas
  2 hell rats (D:12)
  29 worker ants
  A big kobold zombie (Ossuary)
  2 hound skeletons (D:8)
  3 mummies
  5 worker ant zombies
  5 gnolls (D:11)
  A howler monkey skeleton (D:7)
  21 adders
  4 river rats (D:12)
  3 shadow imps
  3 adder zombies (Ossuary)
  2 adder skeletons
  3 worms
  A dart slug (D:4)
  8 leopard geckos
  84 orcs
  6 giant cockroaches
  4 gnoll zombies (Ossuary)
  12 goblins
  6 hobgoblins
  8 jackals
  2 quokkas
  5 ball pythons
  14 bats
  8 frilled lizards
  3 hobgoblin zombies
  A jackal skeleton (D:8)
  16 kobolds
  6 kobold zombies (Ossuary)
  A leopard gecko skeleton (D:6)
  A leopard gecko zombie (D:9)
  3 orc zombies
  A quokka zombie (D:7)
  15 rats
  A butterfly (Lair:4)
1020 creatures vanquished.

Vanquished Creatures (collateral kills)
  2 yaks (D:11)
  A killer bee (D:8)
  A worker ant (D:11)
  An adder (D:11)
5 creatures vanquished.

Vanquished Creatures (others)
  An alligator (D:12)
  A two-headed ogre (D:11)
  2 centaurs (D:15)
  A killer bee (D:8)
  An orc (D:12)
  3 kobolds
  A bush (Lair:6)
  19 fungi
  21 plants
50 creatures vanquished.

Grand Total: 1075 creatures vanquished

Notes
Turn   | Place    | Note
-------+----------+-------------------------------------------
     0 | D:1      | Ijustatesigmund the Octopode Fighter began the quest for
                  | the Orb.
     0 | D:1      | Reached XP level 1. HP: 16/16 MP: 1/1
   257 | D:1      | Reached XP level 2. HP: 21/21 MP: 2/2
   950 | D:2      | Reached XP level 3. HP: 26/26 MP: 3/3
  1309 | D:2      | Found a white marble altar of Elyvilon.
  1351 | D:2      | Found a shadowy altar of Dithmenos.
  1600 | D:3      | Reached XP level 4. HP: 21/33 MP: 4/4
  1824 | D:3      | You fall through a shaft for 3 floors!
  1851 | D:6      | Found a blossoming altar of Fedhas.
  1851 | D:6      | Found a sacrificial altar of Ru.
  1983 | D:6      | Gained mutation: You occasionally shout uncontrollably at
                  | your foes. [potion of mutation]
  1983 | D:6      | Gained mutation: One of your tentacles bears a spike.
                  | [potion of mutation]
  1997 | D:5      | Entered Level 5 of the Dungeon
  2035 | D:5      | Reached XP level 5. HP: 37/37 MP: 5/5
  2313 | D:5      | Noticed Blork the orc
  2357 | D:4      | Noticed an ogre
  2366 | D:4      | Killed an ogre
  2366 | D:4      | Reached skill level 5 in Maces & Flails
  2366 | D:4      | Reached XP level 6. HP: 17/44 MP: 6/6
  2622 | D:4      | Found a radiant altar of Vehumet.
  2640 | D:4      | Reached skill level 5 in Fighting
  2690 | D:4      | Reached XP level 7. HP: 48/50 MP: 7/7
  4054 | D:5      | Killed Blork the orc
  4114 | D:5      | Noticed Edmund
  4126 | D:5      | Killed Edmund
  4344 | D:6      | Reached XP level 8. HP: 56/57 MP: 8/8
  5037 | D:6      | Reached skill level 5 in Shields
  5120 | D:6      | Reached skill level 5 in Dodging
  5223 | D:7      | Noticed a hippogriff
  5231 | D:7      | Killed a hippogriff
  5231 | D:7      | Reached XP level 9. HP: 45/63 MP: 9/9
  5289 | D:7      | Found a sand-covered staircase.
  5346 | Ossuary  | Entered an ossuary
  5590 | Ossuary  | Upgraded the game from 0.24-a0-284-g9fb9971 to
                  | 0.24-a0-285-g3c078ff
  5697 | D:7      | Found a staircase to the Ecumenical Temple.
  6915 | D:8      | Reached XP level 10. HP: 72/72 MP: 10/10
  7721 | Temple   | Entered the Ecumenical Temple
  7954 | Temple   | Became a worshipper of Cheibriados the Contemplative
  8027 | D:8      | Reached skill level 1 in Invocations
  8047 | D:8      | Reached skill level 1 in Stealth
  8052 | D:8      | Found a shattered altar of Ashenzari.
  8062 | D:8      | Found a sparkling altar of Nemelex Xobeh.
  8167 | D:8      | Found a hide-covered altar of Uskayaw.
  8176 | D:8      | Reached skill level 1 in Evocations
  8221 | D:8      | Reached skill level 2 in Invocations
  8330 | D:8      | Found a glowing golden altar of the Shining One.
  8501 | D:9      | Found a glowing golden altar of the Shining One.
  8543 | D:9      | Reached * piety under Cheibriados
  8634 | D:9      | Reached skill level 3 in Invocations
  8806 | D:9      | Reached skill level 4 in Invocations
  9220 | D:10     | Entered Level 10 of the Dungeon
  9472 | D:10     | Reached ** piety under Cheibriados
  9492 | D:10     | Reached skill level 5 in Invocations
  9657 | D:10     | Reached XP level 11. HP: 50/80 MP: 14/14
  9935 | D:10     | Reached *** piety under Cheibriados
 10104 | D:10     | Found a staircase to the Orcish Mines.
 10109 | D:10     | Reached skill level 6 in Invocations
 10414 | D:10     | Reached **** piety under Cheibriados
 10497 | D:10     | Found a staircase to the Lair.
 10717 | D:10     | Killed an unseen horror
 10902 | D:11     | Noticed a manticore
 10910 | D:11     | Killed a manticore
 11091 | D:11     | Noticed a two-headed ogre
 11096 | D:11     | Noticed a red ugly thing
 11117 | D:11     | Reached skill level 10 in Maces & Flails
 11120 | D:11     | Killed a red ugly thing
 11120 | D:11     | Reached skill level 7 in Invocations
 11372 | D:11     | Found a viscous altar of Jiyva.
 11491 | D:11     | Reached ***** piety under Cheibriados
 11604 | D:11     | Noticed an eight-headed hydra
 11611 | D:11     | Killed an eight-headed hydra
 11611 | D:11     | Reached XP level 12. HP: 74/87 MP: 17/17
 11781 | D:11     | Found Keote's Magic Scroll Shop.
 11789 | D:11     | Bought a scroll of blinking for 97 gold pieces
 11789 | D:11     | Bought a scroll of teleportation for 39 gold pieces
 11789 | D:11     | Bought 2 scrolls of enchant weapon for 195 gold pieces
 11789 | D:11     | Bought 2 scrolls of torment for 195 gold pieces
 11949 | D:11     | Reached skill level 8 in Invocations
 12144 | D:12     | Reached skill level 10 in Fighting
 12279 | D:12     | Noticed an alligator
 12284 | D:12     | Noticed an alligator
 12399 | D:12     | Noticed a two-headed ogre
 12407 | D:12     | Killed a two-headed ogre
 12581 | D:12     | Reached skill level 9 in Invocations
 12760 | D:12     | Killed an alligator
 12928 | D:12     | Reached ****** piety under Cheibriados
 13248 | D:12     | Reached XP level 13. HP: 63/94 MP: 20/20
 13671 | D:13     | Learned a level 1 spell: Magic Dart
 13829 | D:13     | Reached skill level 10 in Invocations
 14161 | D:13     | Noticed an entropy weaver
 14167 | D:13     | Killed an entropy weaver
 14390 | D:13     | Noticed an entropy weaver
 14395 | D:13     | Killed an entropy weaver
 14828 | D:14     | Reached skill level 11 in Invocations
 15102 | Lair:1   | Entered Level 1 of the Lair of Beasts
 15102 | Lair:1   | Found a transporter.
 15108 | Lair:1   | Found a transporter.
 15110 | Lair:1   | Identified the +7 spear of Hikhosuw {chaos, Dex+2 Stlth+}
 15111 | Lair:1   | Found a bloodstained altar of Trog.
 15483 | Lair:1   | Reached XP level 14. HP: 103/103 MP: 22/22
 15673 | Lair:1   | Noticed mhoghedin's ghost (journeyman DgTm)
 16483 | Lair:2   | Reached skill level 5 in Stealth
 16906 | Lair:2   | Found a staircase to the Swamp.
 18115 | Lair:3   | Found a hole to the Spider Nest.
 19490 | Lair:4   | Reached skill level 12 in Invocations
 19968 | Lair:5   | Found a runed translucent door.
 19970 | Lair:5   | Found a shimmering altar of Xom.
 19970 | Lair:5   | Noticed Bosausyc's ghost (journeyman DrBe)
 20103 | Lair:5   | Reached skill level 1 in Throwing
 20767 | Lair:6   | Entered Level 6 of the Lair of Beasts
 20987 | Lair:6   | Reached XP level 15. HP: 80/108 MP: 24/24
 21470 | Lair:6   | Reached skill level 13 in Invocations
 21544 | Lair:6   | Reached skill level 5 in Throwing
 21661 | Lair:6   | Found a staircase to the Slime Pits.
 22547 | Lair:6   | Found the +11 plutonium sword {*Contam Stlth-}
 22861 | Orc:1    | Entered Level 1 of the Orcish Mines
 22914 | Orc:1    | Noticed Josephine
 22921 | Orc:1    | Killed Josephine
 23267 | Orc:2    | Entered Level 2 of the Orcish Mines
 23404 | Orc:2    | Found a staircase to the Elven Halls.
 23713 | Orc:2    | Found Lynon's Magic Scroll Shoppe.
 23735 | Orc:2    | Found Laizim's Food Emporium.
 24155 | Orc:2    | Reached skill level 14 in Invocations
 24240 | Orc:2    | Reached skill level 10 in Dodging
 24367 | Orc:2    | Reached skill level 10 in Shields
 24367 | Orc:2    | Reached XP level 16. HP: 116/116 MP: 26/26
 24479 | Orc:2    | Found Immit's Antique Armour Shop.
 24479 | Orc:2    | Found a one-way gate leading to the halls of Pandemonium.
 24479 | Orc:2    | Found Dononnul's Gadget Boutique.
 24838 | Orc:2    | Bought a scroll of teleportation for 42 gold pieces
 24838 | Orc:2    | Bought a scroll of fear for 49 gold pieces
 24838 | Orc:2    | Bought a scroll of teleportation for 42 gold pieces
 25095 | D:14     | Found a gate to the Vaults.
 25529 | D:15     | Entered Level 15 of the Dungeon
 26016 | D:15     | Found Tenoesme's Jewellery Boutique.
 26036 | D:15     | Bought a +4 ring of evasion for 648 gold pieces
 26036 | D:15     | Bought a +1 ring of slaying for 108 gold pieces
 26647 | D:15     | Found a staircase to the Depths.
 26873 | Lair:1   | Killed mhoghedin's ghost
 27048 | Spider:1 | Entered Level 1 of the Spider Nest
 27310 | Spider:1 | Noticed Aizul
 27317 | Spider:1 | Killed Aizul
 27681 | Spider:1 | Reached skill level 15 in Invocations
 27701 | Spider:1 | Reached XP level 17. HP: 118/123 MP: 28/28
 28364 | Spider:1 | Reached skill level 5 in Evocations
 28375 | Spider:2 | Noticed Donald
 28452 | Spider:2 | Reached skill level 1 in Conjurations
 28700 | Spider:1 | Killed Donald
 29096 | Spider:2 | Noticed Nikola
 29101 | Spider:2 | Killed from afar by Nikola

Levels and vault maps discovered:
D:1:      dpeg_arrival_refuge, layout_basic, chequers_serial_rivers_micro_a
D:2:      layout_rooms, nicolae_overflow_crystal_walls, old_standard_altar,
          serial_curves, eino_curves_03, eino_curves_03, eino_curves_01,
          eino_curves_01
D:3:      layout_loops_ring, hangedman_feature_mirror, minmay_pentangle
D:4:      layout_loops_cross, old_standard_altar
D:5:      layout_basic, first_ration, uniq_blork_the_orc, uniq_edmund
D:6:      layout_basic, chequers_temple_overflow_statue_of_worship
D:7:      layout_loops_ring, minmay_temple_entry_large_hall,
          nicolae_ossuary_entry_giza
D:8:      layout_basic, lemuel_round_altar, amethyst_overflow_temple_binary,
          david_nohive_1, grunt_ministairs_15, nicolae_tso_swordbearing_angel
D:9:      layout_roguey, serial_curves, eino_curves_03, eino_curves_01,
          basic_altar
D:10:     layout_roguey, grunt_lair_entry_orc_guard_hut, erik_orc_4,
          minivault_27
D:11:     layout_loops_cross, serial_shops, shop, minivault_10, jiyva_altar_1
D:12:     layout_loops_ring, chequers_big_river, hangedman_parallel_progression
D:13:     layout_roguey, minmay_misc_feat_doors, minivault_29
D:14:     layout_cave_pools, erik_vaults_1
D:15:     gammafunk_enter_depths_forms, layout_gridville,
          grunt_decor_mini_mirrors, hangedman_decor_growths,
          minmay_shop_enchanted_jewellery
Temple:   minmay_temple_curvy_branch
Lair:1:   layout_layer_cave, gammafunk_ghost_wrathful_warriors,
          lemuel_fruit_tree, serial_bayou_shore_b, minmay_lair_oklob_chamber,
          grunt_megastairs_3
Lair:2:   layout_small_grid, swamp_mist
Lair:3:   layout_hall_layers, nicolae_spider_entry_orb_guardian,
          chequers_serial_rivers_micro_c, serial_bayou_pond_d
Lair:4:   layout_loops_ring, lemuel_fruit_fields
Lair:5:   layout_layer_cave, ebering_ghost_xom, infiniplex_staircase_pool
Lair:6:   grunt_lair_end_beastmaster, layout_small_grid, dpeg_slime_entry_corner
Spider:1: layout_spider_delve, uniq_aizul
Spider:2: layout_spider_delve, uniq_donald, uniq_frances, uniq_nikola
Orc:1:    layout_diamond_mine, uniq_josephine
Orc:2:    pf_orc_diabolical, layout_diamond_mine

Skill      XL: |  1  2  3  4  5  6  7  8  9 10 11 12 13 14 15 16 17 |
---------------+----------------------------------------------------+-----
Maces & Flails | 3 4 5 6 7 9 10 12 13 14 | 14.9
Fighting       | 4 5 6 8 9 10 12 13 | 13.7
Shields        | 5 6 7 8 9 10 11 | 11.3
Dodging        | 5 6 7 8 9 10 11 | 11.3
Invocations    | 5 7 9 11 12 14 15 | 15.3
Stealth        | 4 7 8 |  8.5
Evocations     | 3 4 5 |  5.0
Throwing       | 3 6 |  6.3
Conjurations   | 2 |  2.3

Action                   |  1- 3 |  4- 6 |  7- 9 | 10-12 | 13-15 | 16-18 || total
-------------------------+-------+-------+-------+-------+-------+-------++-------
Melee: Flail             |    57 |    52 |   288 |   532 |   834 |   360 ||  2123
       Constrict         |    21 |    11 |    69 |   138 |   182 |    75 ||   496
       Tentacles         |    14 |    12 |    67 |   176 |   361 |   149 ||   779
       Kick              |       |    11 |   119 |   324 |   570 |   226 ||  1250
Throw: Javelin           |       |       |    11 |    17 |    45 |     7 ||    80
Invok: Slouch            |       |       |       |     1 |    14 |    11 ||    26
Evoke: Wand              |       |       |       |     9 |    15 |     6 ||    30
  Use: Scroll            |     9 |     2 |    13 |    12 |    17 |     3 ||    56
       Potion            |       |     2 |     6 |     4 |     6 |     4 ||    22
 Stab: Sleeping          |     3 |     2 |    13 |    16 |    16 |    11 ||    61
       Distracted        |       |     1 |     3 |     3 |     1 |     1 ||     9
       Invisible         |       |       |     2 |       |     2 |       ||     4
       Petrified         |       |       |       |       |       |     2 ||     2
       Confused          |       |       |       |       |       |     1 ||     1
  Eat: Chunk             |     2 |       |     5 |     5 |     8 |     1 ||    21
       Ration            |       |     1 |     3 |     2 |     5 |     2 ||    13
Armor: Skin              |     5 |     1 |    33 |    34 |    22 |    23 ||   118
Dodge: Dodged            |    27 |    19 |   116 |   199 |   354 |   339 ||  1054
Block: Shield            |    21 |    18 |   127 |   382 |   777 |   506 ||  1831
       Reflection        |       |       |       |    25 |    14 |    33 ||    72

Table legend:
 A = Non-vault XP
 B = Vault XP
 C = Vault XP percentage of total XP
 D = Non-vault monster count
 E = Vault monster count
 F = Vault count percentage of total count
                 A         B        C        D         E       F
            +---------+---------+-------+---------+---------+-------
      Total |  144603 |   57948 |  28.6 |     737 |     292 |  28.4
            +---------+---------+-------+---------+---------+-------
        D:1 |      26 |       0 |   0.0 |      17 |       0 |   0.0
        D:2 |      43 |       0 |   0.0 |      11 |       0 |   0.0
        D:3 |      97 |      64 |  39.8 |      29 |      15 |  34.1
        D:4 |     462 |       0 |   0.0 |      18 |       0 |   0.0
        D:5 |     179 |     250 |  58.3 |       9 |       2 |  18.2
        D:6 |    1153 |       0 |   0.0 |      27 |       0 |   0.0
        D:7 |    1501 |      20 |   1.3 |      24 |       3 |  11.1
        D:8 |    1062 |    1272 |  54.5 |      26 |      17 |  39.5
        D:9 |    1802 |       0 |   0.0 |      24 |       0 |   0.0
       D:10 |    3675 |    1091 |  22.9 |      47 |      21 |  30.9
       D:11 |    7278 |     397 |   5.2 |      48 |       4 |   7.7
       D:12 |    5852 |    5700 |  49.3 |      38 |      48 |  55.8
       D:13 |    5382 |    7895 |  59.5 |      31 |      45 |  59.2
       D:14 |   17290 |    1808 |   9.5 |      49 |       2 |   3.9
       D:15 |   15435 |    3810 |  19.8 |      48 |       8 |  14.3
     Lair:1 |    3721 |    4139 |  52.7 |      17 |      11 |  39.3
     Lair:2 |    5192 |       0 |   0.0 |      22 |       0 |   0.0
     Lair:3 |    9437 |     566 |   5.7 |      36 |       1 |   2.7
     Lair:4 |    7625 |       0 |   0.0 |      25 |       0 |   0.0
     Lair:5 |    4143 |       0 |   0.0 |      17 |       0 |   0.0
     Lair:6 |   14780 |    8477 |  36.4 |      52 |      18 |  25.7
   Spider:1 |   28886 |    3705 |  11.4 |      65 |       2 |   3.0
   Spider:2 |    3045 |       0 |   0.0 |      12 |       0 |   0.0
      Orc:1 |    3933 |    1858 |  32.1 |      30 |       5 |  14.3
      Orc:2 |    2604 |   16492 |  86.4 |      15 |      66 |  81.5
    Ossuary |       0 |     404 | 100.0 |       0 |      24 | 100.0
            +---------+---------+-------+---------+---------+-------
